 Dungeon Crawl Stone Soup version 0.28-a0-1624-g820543e53a (webtiles) character file.

Game seed: 4846303644483812550

545 oldriver the Stinger (level 7, -1/56 HPs)
             Began as a Naga Venom Mage on Jan 24, 2022.
             Slain by a phantom (8 damage)
             ... on level 4 of the Dungeon.
             The game lasted 00:08:33 (6529 turns).

oldriver the Stinger (Naga Venom Mage)              Turns: 6529, Time: 00:08:35

Health: -1/56      AC:  3    Str: 11    XL:     7   Next: 27%
Magic:  10/12      EV:  9    Int: 17    God:
Gold:   182        SH:  4    Dex: 11    Spells: 3/13 levels left

rFire   . . .      SeeInvis +   h - +0 dagger (holy)
rCold   . . .      Faith    .   k - +0 buckler
rNeg    . . .      Spirit   .   a - +0 robe
rPois   +          Reflect  .   (no helmet)
rElec   .          Harm     .   (no cloak)
rCorr   .          Rampage  .   (no gloves)
Will    .....                   (no barding)
Stlth   +++.......              (no amulet)
HPRegen 0.18/turn               (no ring)
MPRegen 0.13/turn               (no ring)

@: very slow
A: AC +2, large, see invisible, deformed body, poison resistance, slowness 2,
spit poison 1, naga tail 1
a: Spit Poison


You were on level 4 of the Dungeon.
You visited 1 branch of the dungeon, and saw 4 of its levels.

You collected 182 gold pieces.

Inventory:

Hand Weapons
 h - a +0 dagger of holy wrath (weapon)
Armour
 a - a +0 robe (worn)
 k - a +0 buckler (worn)
Wands
 t - a wand of charming (8)
Scrolls
 b - a scroll of blinking {unknown}
 c - a scroll of identify {unknown}
 e - a scroll of immolation {unknown}
 f - 2 scrolls of amnesia {unknown}
 g - a scroll of brand weapon {unknown}
 p - a scroll of teleportation {unknown}
 r - a scroll of vulnerability {unknown}
Potions
 d - a potion of curing
 i - 2 potions of lignification {unknown}
 j - 2 potions of might {unknown}
 l - a potion of magic {unknown}
 m - 2 potions of attraction {unknown}
 n - a potion of heal wounds {unknown}
 o - a potion of haste {unknown}
 q - a potion of ambrosia {unknown}
 s - a potion of resistance {unknown}


   Skills:
 + Level 0.4 Fighting
 + Level 1.7 Dodging
 - Level 6.0 Stealth
 + Level 2.2 Shields
 + Level 3.5 Spellcasting
 - Level 2.0 Conjurations
 - Level 1.0 Transmutations
 - Level 2.0 Air Magic
 + Level 6.1 Poison Magic


You had 3 spell levels left.
You knew the following spells:

 Your Spells              Type           Power      Damage    Failure   Level
a - Sting                 Tmut/Pois      60%        1d6       4%          1
b - Poisonous Vapours     Pois/Air       32%        N/A       6%          2
c - Mephitic Cloud        Conj/Pois/Air  14%        N/A       16%         3
d - Olgreb's Toxic Radia  Pois           23%        N/A       16%         4

Your spell library contained the following spells:

 Spells                   Type           Power      Damage    Failure   Level
 Confusing Touch          Hex            2%         N/A       52%         3
 Yara's Violent Unravell  Hex/Tmut       2%         3d3       99%         5
 Enfeeble                 Hex            1%         N/A       100%        7
 Borgnjor's Revivificati  Necr           1%         N/A       100%        8
 Necromutation            Tmut/Necr      2%         N/A       100%        8
 Death's Door             Necr           1%         N/A       100%        9


Dungeon Overview and Level Annotations

Branches:
Dungeon (4/15)
 Temple: D:4-7

Altars:
Cheibriados
Dithmenos
Qazlal
Sif Muna

Shops:
D:2 =

Annotations:
D:3 1 runed translucent door, Crazy Yiuf, Ijyb


Innate Abilities, Weirdness & Mutations

Your serpentine skin is tough. (AC +2)
You have supernaturally acute eyesight. (SInv)
Armour fits poorly on your strangely shaped body.
Your system is resistant to poisons. (rPois)
You cover ground very slowly.
You can spit poison.
You have a snake-like lower body.


Message History

You are too injured to fight recklessly!
You are too injured to fight recklessly!
You are too injured to fight recklessly!
You are too injured to fight recklessly!
You are too injured to fight recklessly!
You are too injured to fight recklessly!
You are too injured to fight recklessly!
You hit the phantom but do no damage.
The phantom is severely damaged.
The phantom barely misses you.
You hit the phantom but do no damage.
The phantom is severely damaged.
The phantom barely misses you.
You hit the phantom but do no damage.
The phantom is severely damaged.
The phantom hits you.
The phantom blinks!
You blink.
The phantom hits you. The phantom hits you!
* * * LOW HITPOINT WARNING * * *
You hit the phantom.
The phantom convulses.
The phantom is severely damaged.
The phantom misses you. The quokka bites you.
* * * LOW HITPOINT WARNING * * *
Casting: Sting (safe; 4% risk of failure)
Confirm with . or Enter, or press ? or * to list all spells.
Aiming: Sting (safe; 4% risk of failure)
Press: ? - help, Shift-Dir - straight line, f - quokka
Aim: a quokka (64% to hit)
The sting misses the quokka.
The phantom hits you.
* * * LOW HITPOINT WARNING * * *
The quokka closely misses you.
Unknown command.
Casting: Sting (safe; 4% risk of failure)
Confirm with . or Enter, or press ? or * to list all spells.
Aiming: Sting (safe; 4% risk of failure)
Press: ? - help, Shift-Dir - straight line, f/p - quokka
Aim: a quokka (64% to hit)
The sting hits the quokka.
The quokka is poisoned.
The quokka is heavily wounded.
The phantom hits you!
You die...

###.###########.####.##
#......................
#.#.#########.#########
#.### ### #.## #..##
#...### # #.....### .#
##....@r## #.##
#.....W.## 8...8
###......###......
###.............
####..........
#######.... ###


You could see a phantom and a quokka (poisoned).

Vanquished Creatures
  Sigmund (D:3)
  An ogre (D:4)
  An orc priest (D:3)
  Terence (D:3)
  3 orc wizards
  A gnoll (D:1)
  5 adders
  A worm (D:2)
  A dart slug (D:2)
  3 orcs
  10 ball pythons
  11 endoplasms
  9 giant cockroaches
  10 goblins
  9 hobgoblins
  10 jackals
  8 kobolds
  3 quokkas
  2 bats (D:1)
  3 frilled lizards (D:1)
  4 rats
97 creatures vanquished.

Vanquished Creatures (others)
  28 plants (D:1)
28 creatures vanquished.

Grand Total: 125 creatures vanquished

Notes
Turn   | Place    | Note
-------+----------+-------------------------------------------
     0 | D:1      | oldriver the Naga Venom Mage began the quest for the Orb.
     0 | D:1      | Reached XP level 1. HP: 15/15 MP: 3/3
   175 | D:1      | Reached XP level 2. HP: 22/22 MP: 5/5
   694 | D:1      | Reached XP level 3. HP: 18/28 MP: 3/6
   724 | D:1      | Learned a level 2 spell: Poisonous Vapours
   830 | D:1      | Learned a level 3 spell: Mephitic Cloud
  1975 | D:2      | Reached XP level 4. HP: 36/36 MP: 3/7
  2277 | D:2      | Reached skill level 1 in Air Magic
  2282 | D:2      | Reached skill level 5 in Poison Magic
  3241 | D:2      | Found Xub Rem's Jewellery Emporium.
  3493 | D:3      | Found a faded altar of an unknown god.
  3564 | D:3      | Found a snail-covered altar of Cheibriados.
  3600 | D:3      | Noticed Terence
  3613 | D:3      | Killed Terence
  3614 | D:3      | Reached skill level 1 in Conjurations
  3614 | D:3      | Reached XP level 5. HP: 23/42 MP: 1/9
  3704 | D:3      | Found a shadowy altar of Dithmenos.
  4312 | D:3      | Found a stormy altar of Qazlal.
  4320 | D:3      | Found a shimmering blue altar of Sif Muna.
  4350 | D:3      | Noticed Sigmund
  4362 | D:3      | Killed Sigmund
  4363 | D:3      | Reached skill level 5 in Stealth
  4363 | D:3      | Reached skill level 1 in Shields
  4363 | D:3      | Reached XP level 6. HP: 10/49 MP: 3/10
  4680 | D:3      | Found a runed translucent door.
  4681 | D:3      | Noticed Crazy Yiuf
  4683 | D:3      | Noticed Ijyb
  4997 | D:4      | Learned a level 4 spell: Olgreb's Toxic Radiance
  5646 | D:4      | Reached XP level 7. HP: 14/55 MP: 2/12
  6529 | D:4      | Slain by a phantom

Illustrated notes

Levels and vault maps discovered:
D:1:      eino_arrival_tree_alley, layout_loops_ring
D:2:      layout_basic, serial_shops, shop, minmay_octomino_j4
D:3:      layout_basic, mainiacjoe_overflow_catwalk,
          mainiacjoe_overflow_large_starburst,
          nicolae_dithmenos_through_a_glass_darkly,
          hellmonk_ecumenical_altar_slurped_away, uniq_terence,
          uniq_crazy_yiuf_cottage, uniq_ijyb, uniq_sigmund
D:4:      layout_loops_ring, nicolae_tso_carved_into_rock, serial_shops, shop

Skill      XL: |  1  2  3  4  5  6 |
---------------+-------------------+-----
Stealth        | 4 5 6 |  6.0
Air Magic      | 1 2 |  2.0
Poison Magic   | 5 6 |  6.1
Conjurations   | 1 2 |  2.0
Shields        | 1 2 |  2.2
Spellcasting   | 3 |  3.5
Fighting       | |  0.4
Dodging        | |  1.7
Transmutations | |  1.0

Action                   |  1- 3 |  4- 6 |  7- 9 || total
-------------------------+-------+-------+-------++-------
Melee: Unarmed           |    10 |       |       ||    10
       Long sword        |     4 |       |       ||     4
       Dagger            |     3 |    14 |    32 ||    49
 Cast: Sting             |    67 |    81 |    20 ||   168
       Poisonous Vapours |       |     4 |     7 ||    11
 Abil: Spit Poison       |    13 |    35 |       ||    48
Armor: Robe              |    11 |     9 |     5 ||    25
Dodge: Dodged            |    24 |    25 |    12 ||    61
Block: Buckler           |     2 |     8 |     4 ||    14

Table legend: (Time is in decaauts)
 A = Elapsed time spent in this place.
 B = Non-inter-level travel time spent in this place.
 C = Inter-level travel time spent in this place.
 D = Time resting spent in this place.
 E = Time spent auto-exploring this place.
 F = Levels seen in this place.
 G = Mean time per level.
                   A        B        C        D        E       F      G
               +--------+--------+--------+--------+--------+-----+--------+
         Total |   7649 |   7388 |    261 |   2265 |   4220 |   4 | 1912.2 |
       Dungeon |   7649 |   7388 |    261 |   2265 |   4220 |   4 | 1912.2 |
               +--------+--------+--------+--------+--------+-----+--------+

Top non-repeatable levels by time:
     D:3: 2587 daAuts
     D:1: 2289 daAuts
     D:2: 1803 daAuts
     D:4: 969 daAuts
